 Dungeon Crawl Stone Soup version 0.28.0-53-g5a82cb258f (webtiles) character file.

Game seed: 11516259745973661929

83 firemarshallily the Slasher (level 4, -3/35 HPs)
             Began as a Demonspawn Gladiator on June 10, 2022.
             Slain by a gnoll
             ... wielding a +0 spear
              (6 damage)
             ... on level 2 of the Dungeon.
             The game lasted 00:02:44 (1482 turns).

firemarshallily the Slasher (Demonspawn Gladiator)  Turns: 1482, Time: 00:02:45

Health: -3/35      AC:  4    Str: 17    XL:     4   Next: 22%
Magic:  4/4        EV: 12    Int:  9    God:
Gold:   26         SH:  0    Dex: 14    Spells: 3/3 levels left

rFire   . . .      SeeInvis .   a - +3 long sword
rCold   . . .      Faith    .   (no shield)
rNeg    . . .      Spirit   .   b - +0 leather armour
rPois   .          Reflect  .   c - +0 helmet
rElec   .          Harm     .   (no cloak)
rCorr   .          Rampage  .   (no gloves)
Will    .....                   (no boots)
Stlth   +.........              f - amulet of the acrobat
HPRegen 0.11/turn               (no ring)
MPRegen 0.09/turn               (no ring)

@: no status effects
A: powered by pain 1, demonic touch 1
a: no special abilities


You were on level 2 of the Dungeon.
You visited 1 branch of the dungeon, and saw 2 of its levels.

You collected 26 gold pieces.

Inventory:

Hand Weapons
 a - a +3 long sword (weapon)
Missiles
 d - 3 throwing nets
 e - 24 stones
 j - 4 boomerangs (quivered)
Armour
 b - a +0 leather armour (worn)
 c - a +0 helmet (worn)
 i - a +0 ring mail
Jewellery
 f - an amulet of the acrobat (around neck)
 h - an amulet of faith
Potions
 g - a potion of haste {unknown}
 k - a potion of attraction {unknown}
 l - a potion of might {unknown}


   Skills:
 * Level 3.1 Fighting
 * Level 3.4 Long Blades
 - Level 2.0 Throwing
 + Level 1.0 Armour
 - Level 3.0 Dodging


You had 3 spell levels left.
You didn't know any spells.
Your spell library was empty.

Dungeon Overview and Level Annotations

Branches:
Dungeon (2/15)

Altars:

Shops:
D:1 (

Annotations:
D:2 1 runed translucent door, Crazy Yiuf


Innate Abilities, Weirdness & Mutations

You sometimes gain a little power by taking damage.
Your touch may inflict minor irresistible damage on your foes.


Message History

A gnoll comes into view. It is wielding a +0 spear.
The gnoll shouts!
The gnoll completely misses you.
You hit the gnoll.
You touch the gnoll.
The gnoll is severely wounded.
The gnoll misses you. The gnoll completely misses you. The gnoll misses you.
A gnoll comes into view. It is wielding a +0 spear.
You hit the gnoll.
You kill the gnoll!
The gnoll closely misses you. x2
The gnoll completely misses you.
Things that are here:
a +0 whip; a gnoll corpse You slash the gnoll!
You touch the gnoll.
You kill the gnoll!
The gnoll closely misses you.
Your Fighting skill increases to level 3!
You have reached level 4!
You feel stronger. The gnoll closely misses you.
You slash the gnoll! You punch the gnoll, but do no damage.
The gnoll is severely wounded.
The gnoll hits you with a +0 spear! The gnoll barely misses you.
The gnoll hits you with a +0 spear.
You closely miss the gnoll.
The gnoll is severely wounded.
The gnoll hits you but does no damage. The gnoll hits you with a +0 spear!
You slash the gnoll!
You kill the gnoll!
The gnoll misses you.
Your Armour skill increases to level 1!
The gnoll hits you with a +0 spear!
* * * LOW HITPOINT WARNING * * *
You see here a +0 spear.
You hit the gnoll.
You touch the gnoll.
The gnoll is heavily wounded.
The gnoll hits you with a +0 spear.
* * * LOW HITPOINT WARNING * * *
The gnoll hits you with a +0 spear.
You die...

..#.###.####.#
..#........#.#
........##.#.#
........##.#.##
..##.##....(..#
.....##..#.##.#
......#..#....####
......#..##..))..#
.........##.#.##@#
......# .[...##g#
......# ##..####.#
......# #..# #.#
......# #. ..#
#.##### # ###


You could see a gnoll.

Vanquished Creatures
  4 gnolls
  An adder (D:2)
  An adder skeleton (D:2)
  2 dart slugs (D:1)
  4 endoplasms (D:1)
  3 giant cockroaches
  2 hobgoblins
  3 kobolds
  A quokka (D:1)
  A ball python (D:2)
  3 bats (D:1)
  A frilled lizard (D:1)
  5 rats
31 creatures vanquished.

Notes
Turn   | Place    | Note
-------+----------+-------------------------------------------
     0 | D:1      | firemarshallily the Demonspawn Gladiator began the quest
                  | for the Orb.
     0 | D:1      | Reached XP level 1. HP: 16/16 MP: 1/1
   288 | D:1      | Gained mutation: You sometimes gain a little power by
                  | taking damage. [demonic ancestry]
   288 | D:1      | Reached XP level 2. HP: 13/22 MP: 2/2
  1075 | D:1      | Found Deimaj's Antique Weapon Emporium.
  1077 | D:1      | Gained mutation: Your touch may inflict minor irresistible
                  | damage on your foes. [demonic ancestry]
  1077 | D:1      | Reached XP level 3. HP: 28/28 MP: 3/3
  1349 | D:2      | Found a runed translucent door.
  1350 | D:2      | Noticed Crazy Yiuf
  1477 | D:2      | Reached XP level 4. HP: 35/35 MP: 4/4
  1481 | D:2      | Reached skill level 1 in Armour
  1482 | D:2      | Slain by a gnoll

Illustrated notes

Levels and vault maps discovered:
D:1:      wander_arrival_desolate, layout_basic, serial_shops, shop
D:2:      layout_loops_cross, shapermc_ecumenical_altar_ellora,
          uniq_crazy_yiuf_cottage, uniq_sigmund, uniq_robin

Skill      XL: |  1  2  3  4 |
---------------+-------------+-----
Long Blades    | 3 |  3.4
Throwing       | 2 |  2.0
Dodging        | 3 |  3.0
Fighting       | 3 |  3.1
Armour         | 1 |  1.0

Action                   |  1- 3 |  4- 6 || total
-------------------------+-------+-------++-------
Melee: Long sword        |    84 |     4 ||    88
       Touch             |     4 |     1 ||     5
       Punch             |       |     1 ||     1
  Use: Scroll            |     3 |       ||     3
Armor: Leather armour    |    28 |     1 ||    29
Dodge: Dodged            |    70 |     3 ||    73
